Tappara Tampere vs Cape Breton Oilers

Created - Monday, January 19, 2026 at 07:55

Goals
1 2 3 T
Tappara Tampere 2 2 1 5
Cape Breton Oilers 1 1 5 7
Shots
1 2 3 T
Tappara Tampere 8 24 10 42
Cape Breton Oilers 12 11 8 31

1st period

1. Cape Breton Oilers , Jonny Brodzinski 5 (Carl Grundstrom 2) at 3:27
2. Tappara Tampere , Tomas Nosek 1 (Max Sasson 1, Klim Kostin 2) at 5:04
3. Tappara Tampere , Logan Stankoven 3 (Corey Perry 2, Joel Hofer) at 11:05

Penalties :
Colin White (CBO) for Interference (Minor) at 11:57

2nd period

4. Cape Breton Oilers , Brennan Othmann 2 (Colin White 2) at 10:40
5. Tappara Tampere , Logan Stankoven 4 (David Kampf 3) at 10:48
6. Tappara Tampere , Nathan Walker 10 (Mitchell Chaffee 8, Sam Carrick 12) at 12:54

Penalties :
Jakub Lauko (TAP) for Tripping (Minor) at 1:19, Jan Rutta (TAP) for Roughing (Minor) at 4:32, Michael Benning (CBO) for Fighting (Major) at 13:17, Sam Carrick (TAP) for Fighting (Major) at 13:17

3rd period

7. Cape Breton Oilers , Conor Geekie 5 (Kevin Bahl 2, Colin White 3) at 5:58 (PP)
8. Cape Breton Oilers , Carl Grundstrom 4 (Jonny Brodzinski 4) at 6:31
9. Tappara Tampere , Tomas Nosek 2 (Ty Gallagher 4) at 7:21
10. Cape Breton Oilers , Zack MacEwen 2 (Wyatt Kaiser 4) at 12:01
11. Cape Breton Oilers , Patrick Maroon 2 (Jonny Brodzinski 5) at 12:33
12. Cape Breton Oilers , Carl Grundstrom 5 (Kevin Bahl 3) at 16:13

Penalties :
Patrick Maroon (CBO) for Delaying the game (Minor) at 0:42, Andreas Englund (TAP) for Roughing (Minor) at 4:25

Goalie Stats

Joel Hofer (TAP), 24 saves from 31 shots - (0.774), L, 3-1-0, 60:00 minutes
James Reimer (CBO), 37 saves from 42 shots - (0.881), W, 3-2-0, 60:00 minutes

Players Stats for Tappara Tampere

Player Name              G  A  P  +/- PIM S  H  SB GA TA FO     MP     PP MP  PK MP  
------------------------------------------------------------------------------------
                         0  0  0   0  0   0  0  0  0  0  0/0     0:00   0:00   0:00 
Andreas Englund          0  0  0  -1  2   2  2  1  1  0  0/0    25:41   2:07   2:18 
Andrew Poturalski        0  0  0  -2  0   3  3  0  1  1  3/9    13:57   0:00   0:51 
Corey Perry              0  1  1   1  0   3  1  1  0  1  1/2    16:33   1:54   0:00 
David Kampf              0  1  1   1  0   2  1  1  1  0  3/3    19:26   1:54   2:53 
Jakub Lauko              0  0  0  -2  2   0  3  0  0  0  0/0    14:19   0:00   1:43 
Jan Rutta                0  0  0  -1  2   5  2  2  0  1  0/0    25:05   2:07   1:45 
John Klingberg           0  0  0   0  0   0  3  1  0  2  0/0    20:18   1:51   2:55 
Justin Holl              0  0  0   0  0   3  0  0  1  0  0/0    19:44   1:51   2:23 
Klim Kostin              0  1  1   2  0   1  1  0  0  0  0/0     8:26   0:00   0:00 
Logan Stankoven          2  0  2   1  0   5  1  0  1  0  9/22   16:40   2:01   0:00 
Max Sasson               0  1  1   2  0   3  0  0  1  0  2/3    13:37   0:07   0:27 
Mitchell Chaffee         0  1  1  -2  0   3  3  0  2  0  0/1    16:13   1:57   0:00 
Nathan Walker            1  0  1  -2  0   8  2  1  1  2  1/1    18:51   1:57   2:34 
Pierre Engvall           0  0  0  -2  0   2  0  0  0  0  0/0    13:02   0:07   0:00 
Sam Carrick              0  1  1  -2  5   0  2  0  1  0  7/15   15:03   1:57   2:34 
Tomas Nosek              2  0  2   2  0   2  0  0  0  0  5/7     8:26   0:00   0:00 
Ty Gallagher             0  1  1   0  0   0  1  0  0  1  0/0    15:08   0:00   1:41 
Ville Ottavainen         0  0  0   0  0   0  0  0  0  1  0/0    13:56   0:00   0:00 

Players Stats for Cape Breton Oilers

Player Name              G  A  P  +/- PIM S  H  SB GA TA FO     MP     PP MP  PK MP  
------------------------------------------------------------------------------------
                         0  0  0   0  0   0  0  0  0  0  0/0     0:00   0:00   0:00 
Alexandre Texier         0  0  0  -3  0   6  3  1  2  2  0/0    18:27   3:28   0:00 
Brennan Othmann          1  0  1   0  0   2  0  0  0  0  3/7    17:41   0:00   0:00 
Carl Grundstrom          2  1  3   4  0   3  5  0  1  0  1/1    19:03   2:02   1:36 
Chase Stillman           0  0  0   1  0   0  1  0  0  0  0/0     5:06   0:00   0:00 
Colin White              0  2  2  -2  2   0  0  0  1  2  1/1    19:20   3:28   0:28 
Conor Geekie             1  0  1  -3  0   6  1  0  0  1  12/31  23:36   3:15   1:54 
Jonny Brodzinski         1  2  3   4  0   3  1  1  0  1  12/18  19:43   2:02   1:50 
Josh Bloom               0  0  0   0  0   0  0  0  0  0  0/0     4:10   0:14   0:32 
Kevin Bahl               0  2  2   0  0   0  1  0  0  0  0/0    26:17   3:28   2:02 
Michael Benning          0  0  0   0  5   0  1  0  0  0  0/0     4:53   0:00   0:00 
Nolan Allan              0  0  0   0  0   0  1  2  0  0  0/0    19:50   2:03   1:56 
Patrick Maroon           1  0  1   4  2   5  1  0  1  0  1/3    18:50   2:02   0:59 
Ryan Reaves              0  0  0  -1  0   4  2  0  0  0  1/1    14:28   0:01   0:00 
Seamus Casey             0  0  0   1  0   0  1  0  0  0  0/0    14:50   0:00   0:00 
Vladislav Kolyachonok    0  0  0   0  0   0  2  2  2  2  0/0    19:50   2:03   1:56 
William Trudeau          0  0  0   1  0   0  1  0  0  0  0/0    13:53   0:00   0:00 
Wyatt Kaiser             0  1  1   0  0   1  1  1  0  0  0/0    20:26   3:28   2:02 
Zack MacEwen             1  0  1  -1  0   1  2  0  2  2  1/1    15:36   0:01   0:37 

3 Stars

1 - Carl Grundstrom (CBO)
2 - Jonny Brodzinski (CBO)
3 - Tomas Nosek (TAP)

Power Play

Tappara Tampere - 0 on 2 Attempt(s) - 0.00%
Cape Breton Oilers - 1 on 3 Attempt(s) - 33.33%

Penalty Kill

Tappara Tampere - 2 on 3 Attempt(s) - 66.67% - Score 0 goal in Penalty Kill
Cape Breton Oilers - 2 on 2 Attempt(s) - 100.00% - Score 0 goal in Penalty Kill

Team Stat

Tappara Tampere - Hits : 25 - Faceoff Wins : 31 - Blocked Shots : 7 - Penalty Minutes : 11
Cape Breton Oilers - Hits : 24 - Faceoff Wins : 32 - Blocked Shots : 7 - Penalty Minutes : 9

Official

Referees : Chris Lee and Kendrick Nicholson
Linesman : Kilian McNamara and Bevan Mills

Game Notes

Michael Benning and Sam Carrick fight to a draw at 13:17 of 2nd period

Tappara Tampere

5 vs 5 Forward 
   Center                   Left Wing                Right Wing               Time % Phy DF OF 
 1 Logan Stankoven          David Kampf              Corey Perry              30     1   2  2  
 2 Sam Carrick              Nathan Walker            Mitchell Chaffee         30     1   2  2  
 3 Andrew Poturalski        Pierre Engvall           Jakub Lauko              25     1   2  2  
 4 Tomas Nosek              Max Sasson               Klim Kostin              15     1   2  2  

5 vs 5 Defense 
   Defense                  Defense                                           Time % Phy DF OF 
 1 Jan Rutta                Andreas Englund                                   30     1   2  2  
 2 John Klingberg           Justin Holl                                       30     1   2  2  
 3 Ville Ottavainen         Ty Gallagher                                      25     1   2  2  
 4 Jan Rutta                Andreas Englund                                   15     1   2  2  

PowerPlay Forward 
   Center                   Left Wing                Right Wing               Time % Phy DF OF 
 1 Logan Stankoven          David Kampf              Corey Perry              50     1   2  2  
 2 Sam Carrick              Nathan Walker            Mitchell Chaffee         50     1   2  2  

PowerPlay Defense
   Defense                  Defense                                           Time % Phy DF OF 
 1 Jan Rutta                Andreas Englund                                   50     1   2  2  
 2 John Klingberg           Justin Holl                                       50     1   2  2  

Penalty Kill 4 Players Forward 
   Center                   Wing                     Time % Phy DF OF 
 1 David Kampf              Jakub Lauko              50     1   4  0  
 2 Sam Carrick              Nathan Walker            50     1   4  0  

Penalty Kill 4 Players Defense
   Defense                  Defense                  Time % Phy DF OF 
 1 Jan Rutta                Andreas Englund          50     1   2  2  
 2 John Klingberg           Justin Holl              50     1   2  2  

Penalty Kill - 3 Players Forward 
   Forward                                           Time % Phy DF OF 
 1 Sam Carrick                                       50     1   4  0  
 2 Tomas Nosek                                       50     1   4  0  

Penalty Kill - 3 Players Defense
   Defense                  Defense                  Time % Phy DF OF 
 1 Jan Rutta                Andreas Englund          50     1   4  0  
 2 John Klingberg           Justin Holl              50     1   4  0  

4 vs 4 Forward 
   Center                   Wing                     Time % Phy DF OF 
 1 Logan Stankoven          Corey Perry              50     1   2  2  
 2 David Kampf              Nathan Walker            50     1   2  2  

4 vs 4 Defense
   Defense                  Defense                  Time % Phy DF OF 
 1 Jan Rutta                Andreas Englund          50     1   2  2  
 2 John Klingberg           Justin Holl              50     1   2  2  

Last Minutes Offensive
   Center                   Left Wing                Right Wing               Defense                  Defense                  
   Logan Stankoven          David Kampf              Corey Perry              Jan Rutta                Andreas Englund          

Last Minutes Defensive
   Center                   Left Wing                Right Wing               Defense                  Defense                  
   Logan Stankoven          David Kampf              Corey Perry              Jan Rutta                Andreas Englund          

Goaltenders
Starting : Joel Hofer               
Backup : Ken Appleby              

Extra Forwards
Normal : Max Sasson, Pierre Engvall, Andrew Poturalski - PP : Max Sasson, Pierre Engvall - PK : Andrew Poturalski
Extra Defensemen
Normal : Ville Ottavainen, Ty Gallagher, John Klingberg - PP : Ville Ottavainen - PK : Ty Gallagher, John Klingberg
Penalty Shots
Logan Stankoven, Corey Perry, David Kampf, Nathan Walker, Sam Carrick

Scratches
Dominik Kubalik (Healthy), Jonathan Lekkerimaki (Healthy), Sebastian J. Aho (Healthy), Jayson Megna (Healthy), Roni Hirvonen (Healthy)
Simon Robertsson (Healthy), Niko Huuhtanen (Healthy), Jesse Pulkkinen (Healthy), Nikita Tolopilo (Healthy)

Cape Breton Oilers

5 vs 5 Forward 
   Center                   Left Wing                Right Wing               Time % Phy DF OF 
 1 Jonny Brodzinski         Patrick Maroon           Carl Grundstrom          30     1   2  2  
 2 Conor Geekie             Colin White              Alexandre Texier         30     1   2  2  
 3 Brennan Othmann          Ryan Reaves              Zack MacEwen             25     1   2  2  
 4 Conor Geekie             Brennan Othmann          Chase Stillman           15     1   2  2  

5 vs 5 Defense 
   Defense                  Defense                                           Time % Phy DF OF 
 1 Kevin Bahl               Wyatt Kaiser                                      30     1   2  2  
 2 Nolan Allan              Vladislav Kolyachonok                             30     1   2  2  
 3 Seamus Casey             William Trudeau                                   25     1   2  2  
 4 Michael Benning          Kevin Bahl                                        15     1   2  2  

PowerPlay Forward 
   Center                   Left Wing                Right Wing               Time % Phy DF OF 
 1 Jonny Brodzinski         Patrick Maroon           Carl Grundstrom          50     1   2  2  
 2 Conor Geekie             Colin White              Alexandre Texier         50     1   2  2  

PowerPlay Defense
   Defense                  Defense                                           Time % Phy DF OF 
 1 Kevin Bahl               Wyatt Kaiser                                      50     1   2  2  
 2 Nolan Allan              Vladislav Kolyachonok                             50     1   2  2  

Penalty Kill 4 Players Forward 
   Center                   Wing                     Time % Phy DF OF 
 1 Patrick Maroon           Jonny Brodzinski         50     1   2  2  
 2 Carl Grundstrom          Conor Geekie             50     1   2  2  

Penalty Kill 4 Players Defense
   Defense                  Defense                  Time % Phy DF OF 
 1 Kevin Bahl               Wyatt Kaiser             50     1   2  2  
 2 Nolan Allan              Vladislav Kolyachonok    50     1   2  2  

Penalty Kill - 3 Players Forward 
   Forward                                           Time % Phy DF OF 
 1 Patrick Maroon                                    50     1   2  2  
 2 Jonny Brodzinski                                  50     1   2  2  

Penalty Kill - 3 Players Defense
   Defense                  Defense                  Time % Phy DF OF 
 1 Kevin Bahl               Wyatt Kaiser             50     1   2  2  
 2 Nolan Allan              Vladislav Kolyachonok    50     1   2  2  

4 vs 4 Forward 
   Center                   Wing                     Time % Phy DF OF 
 1 Patrick Maroon           Jonny Brodzinski         50     1   2  2  
 2 Carl Grundstrom          Conor Geekie             50     1   2  2  

4 vs 4 Defense
   Defense                  Defense                  Time % Phy DF OF 
 1 Kevin Bahl               Wyatt Kaiser             50     1   2  2  
 2 Nolan Allan              Vladislav Kolyachonok    50     1   2  2  

Last Minutes Offensive
   Center                   Left Wing                Right Wing               Defense                  Defense                  
   Jonny Brodzinski         Patrick Maroon           Carl Grundstrom          Kevin Bahl               Wyatt Kaiser             

Last Minutes Defensive
   Center                   Left Wing                Right Wing               Defense                  Defense                  
   Jonny Brodzinski         Patrick Maroon           Carl Grundstrom          Kevin Bahl               Wyatt Kaiser             

Goaltenders
Starting : James Reimer             
Backup : Damian Clara             

Extra Forwards
Normal : Josh Bloom, Ryan Reaves, Zack MacEwen - PP : Josh Bloom, Ryan Reaves - PK : Zack MacEwen
Extra Defensemen
Normal : Seamus Casey, William Trudeau, Michael Benning - PP : Seamus Casey - PK : William Trudeau, Michael Benning
Penalty Shots
Patrick Maroon, Jonny Brodzinski, Carl Grundstrom, Conor Geekie, Colin White

Scratches
Jack Peart (Healthy), Ethan Haider (Healthy), Joel Blomqvist (Healthy)

% Time on Ice - Tappara Tampere

Lines # - Real PCT - Wanted PCT - Time Play
Normal Forward
1 - 29% - 30% - 14:54
2 - 29% - 30% - 14:38
3 - 25% - 25% - 12:33
4 - 17% - 15% - 8:26
Normal Defense
1 - 30% - 30% - 15:00
2 - 31% - 30% - 15:54
3 - 26% - 25% - 13:20
4 - 12% - 15% - 6:17
PP Forward
1 - 51% - 50% - 2:01
2 - 49% - 50% - 1:57
PP Defense
1 - 53% - 50% - 2:07
2 - 47% - 50% - 1:51
PK Forward
1 - 52% - 50% - 2:53
2 - 48% - 50% - 2:38
PK Defense
1 - 57% - 50% - 3:08
2 - 43% - 50% - 2:23
PK3 Forward
1 - 0% - 50%
2 - 0% - 50%
PK3 Defense
1 - 0% - 50%
2 - 0% - 50%
44 Forward
1 - 0% - 50%
2 - 0% - 50%
44 Defense
1 - 0% - 50%
2 - 0% - 50%
Last Minute Offensive  - 0:00
Last Minute Defensive  - 0:00
Total
Forward - 60:00
Defense - 60:00

% Time on Ice - Cape Breton Oilers

Lines # - Real PCT - Wanted PCT - Time Play
Normal Forward
1 - 33% - 30% - 16:26
2 - 30% - 30% - 15:20
3 - 27% - 25% - 13:39
4 - 10% - 15% - 5:06
Normal Defense
1 - 30% - 30% - 14:56
2 - 31% - 30% - 15:51
3 - 27% - 25% - 13:53
4 - 12% - 15% - 5:51
PP Forward
1 - 37% - 50% - 2:03
2 - 63% - 50% - 3:28
PP Defense
1 - 63% - 50% - 3:28
2 - 37% - 50% - 2:03
PK Forward
1 - 60% - 50% - 2:22
2 - 40% - 50% - 1:36
PK Defense
1 - 51% - 50% - 2:02
2 - 49% - 50% - 1:56
PK3 Forward
1 - 0% - 50%
2 - 0% - 50%
PK3 Defense
1 - 0% - 50%
2 - 0% - 50%
44 Forward
1 - 0% - 50%
2 - 0% - 50%
44 Defense
1 - 0% - 50%
2 - 0% - 50%
Last Minute Offensive  - 0:00
Last Minute Defensive  - 0:00
Total
Forward - 60:00
Defense - 60:00

Play-by-Play

1st period


0:01 of 1st period - Jonny Brodzinski wins face-off versus Logan Stankoven in neutral zone.
0:06 of 1st period - Jan Rutta is hit by Carl Grundstrom and loses puck.
0:25 of 1st period - Jan Rutta is hit by Conor Geekie.
0:52 of 1st period - Wyatt Kaiser is hit by John Klingberg and loses puck.
1:13 of 1st period - Snap shot by Klim Kostin.
1:13 of 1st period - Shot Misses the Net.
1:48 of 1st period - Wrist shot by Conor Geekie.
1:48 of 1st period - Deflect By Alexandre Texier.
1:48 of 1st period - Stopped by Joel Hofer with a rebound.
2:05 of 1st period - Slapshot by Jakub Lauko.
2:05 of 1st period - Deflect By Conor Geekie.
2:05 of 1st period - Shot Hit the Post.
2:05 of 1st period - Puck is out of play.
2:06 of 1st period - Conor Geekie wins face-off versus Sam Carrick in Cape Breton Oilers zone.
2:06 of 1st period - Conor Geekie is hit by Nathan Walker.
2:32 of 1st period - Seamus Casey is hit by Jakub Lauko and loses puck.
3:01 of 1st period - Backhand shot by Klim Kostin.
3:01 of 1st period - Shot Misses the Net.
3:11 of 1st period - Slapshot by Ryan Reaves.
3:11 of 1st period - Stopped by Joel Hofer without a rebound.
3:12 of 1st period - David Kampf wins face-off versus Conor Geekie in Tappara Tampere zone.
3:23 of 1st period - Snap shot by Alexandre Texier.
3:23 of 1st period - Stopped by Joel Hofer without a rebound.
3:24 of 1st period - Jonny Brodzinski wins face-off versus Sam Carrick in Tappara Tampere zone.
3:25 of 1st period - Wrist shot by Carl Grundstrom.
3:25 of 1st period - Shot Misses the Net.
3:27 of 1st period - Snap shot by Jonny Brodzinski.
3:27 of 1st period - Goal by Jonny Brodzinski - Tappara Tampere : 0 - Cape Breton Oilers : 1.
3:28 of 1st period - Sam Carrick wins face-off versus Conor Geekie in neutral zone.
3:53 of 1st period - Nolan Allan is hit by Andreas Englund and loses puck.
4:00 of 1st period - Wrist shot by Andrew Poturalski.
4:00 of 1st period - Stopped by James Reimer without a rebound.
4:01 of 1st period - Corey Perry wins face-off versus Conor Geekie in Cape Breton Oilers zone.
4:14 of 1st period - Slapshot by Conor Geekie.
4:14 of 1st period - Stopped by Joel Hofer with a rebound.
4:32 of 1st period - Wrist shot by Mitchell Chaffee.
4:32 of 1st period - Shot Misses the Net.
4:47 of 1st period - Icing by Justin Holl.
4:48 of 1st period - Tomas Nosek wins face-off versus Brennan Othmann in Tappara Tampere zone.
4:48 of 1st period - Tomas Nosek is hit by Zack MacEwen.
5:02 of 1st period - Snap shot by Max Sasson.
5:02 of 1st period - Shot Misses the Net.
5:04 of 1st period - Wrist shot by Tomas Nosek.
5:04 of 1st period - Goal by Tomas Nosek - Tappara Tampere : 1 - Cape Breton Oilers : 1.
5:05 of 1st period - Conor Geekie wins face-off versus Andrew Poturalski in neutral zone.
5:25 of 1st period - Vladislav Kolyachonok is hit by Jakub Lauko and loses puck.
5:37 of 1st period - Off-side.
5:38 of 1st period - Logan Stankoven wins face-off versus Jonny Brodzinski in neutral zone.
6:21 of 1st period - Mitchell Chaffee is hit by Michael Benning.
6:38 of 1st period - Wrist shot by Pierre Engvall.
6:38 of 1st period - Shot Misses the Net.
6:40 of 1st period - Slapshot by Jan Rutta.
6:40 of 1st period - Stopped by James Reimer with a rebound.
7:18 of 1st period - Snap shot by Conor Geekie.
7:18 of 1st period - Stopped by Joel Hofer without a rebound.
7:19 of 1st period - Sam Carrick wins face-off versus Conor Geekie in Tappara Tampere zone.
7:28 of 1st period - Snap shot by Alexandre Texier.
7:28 of 1st period - Stopped by Joel Hofer with a rebound.
7:46 of 1st period - Corey Perry is hit by Seamus Casey and loses puck.
9:58 of 1st period - Logan Stankoven is hit by Carl Grundstrom and loses puck.
10:22 of 1st period - Icing by Jan Rutta.
10:23 of 1st period - Conor Geekie wins face-off versus Andrew Poturalski in Tappara Tampere zone.
11:05 of 1st period - Slapshot by Logan Stankoven.
11:05 of 1st period - Goal by Logan Stankoven - Tappara Tampere : 2 - Cape Breton Oilers : 1.
11:06 of 1st period - Sam Carrick wins face-off versus Conor Geekie in neutral zone.
11:10 of 1st period - Off-side.
11:11 of 1st period - Conor Geekie wins face-off versus Sam Carrick in neutral zone.
11:44 of 1st period - Wrist shot by Pierre Engvall.
11:44 of 1st period - Stopped by James Reimer without a rebound.
11:45 of 1st period - Logan Stankoven wins face-off versus Conor Geekie in Cape Breton Oilers zone.
11:50 of 1st period - Snap shot by Logan Stankoven.
11:50 of 1st period - Deflect By Corey Perry.
11:50 of 1st period - Stopped by James Reimer without a rebound.
11:51 of 1st period - Logan Stankoven wins face-off versus Conor Geekie in Cape Breton Oilers zone.
11:57 of 1st period - Minor Penalty to Colin White for Interference.
11:58 of 1st period - Logan Stankoven wins face-off versus Patrick Maroon in Cape Breton Oilers zone.
12:37 of 1st period - Wrist shot by Jonny Brodzinski.
12:37 of 1st period - Shot Blocked by Andreas Englund.
13:57 of 1st period - Penalty to Colin White is over, Colin White is back on ice.
14:11 of 1st period - Wrist shot by Brennan Othmann.
14:11 of 1st period - Shot Blocked by Jan Rutta.
14:13 of 1st period - Slapshot by Brennan Othmann.
14:13 of 1st period - Shot Misses the Net.
15:23 of 1st period - Icing by Carl Grundstrom.
15:24 of 1st period - Tomas Nosek wins face-off versus Conor Geekie in Cape Breton Oilers zone.
15:25 of 1st period - Slapshot by Klim Kostin.
15:25 of 1st period - Stopped by James Reimer without a rebound.
15:26 of 1st period - Tomas Nosek wins face-off versus Conor Geekie in Cape Breton Oilers zone.
15:33 of 1st period - Conor Geekie is hit by Klim Kostin and loses puck.
16:06 of 1st period - Icing by Justin Holl.
16:07 of 1st period - Jonny Brodzinski wins face-off versus Tomas Nosek in Tappara Tampere zone.
16:10 of 1st period - Snap shot by Jonny Brodzinski.
16:10 of 1st period - Stopped by Joel Hofer with a rebound.
16:12 of 1st period - Wrist shot by Jonny Brodzinski.
16:12 of 1st period - Shot Misses the Net.
16:14 of 1st period - Slapshot by Wyatt Kaiser.
16:14 of 1st period - Stopped by Joel Hofer without a rebound.
16:15 of 1st period - Sam Carrick wins face-off versus Jonny Brodzinski in Tappara Tampere zone.
18:05 of 1st period - Colin White is hit by Ty Gallagher and loses puck.
18:25 of 1st period - Off-side.
18:26 of 1st period - Jonny Brodzinski wins face-off versus Mitchell Chaffee in neutral zone.
18:42 of 1st period - Wrist shot by Nathan Walker.
18:42 of 1st period - Stopped by James Reimer without a rebound.
18:43 of 1st period - Brennan Othmann wins face-off versus Logan Stankoven in Cape Breton Oilers zone.
18:50 of 1st period - Snap shot by Brennan Othmann.
18:50 of 1st period - Shot Misses the Net.
18:52 of 1st period - Slapshot by Kevin Bahl.
18:52 of 1st period - Shot Blocked by Jan Rutta.
18:54 of 1st period - Snap shot by Ryan Reaves.
18:54 of 1st period - Stopped by Joel Hofer without a rebound.
18:55 of 1st period - Sam Carrick wins face-off versus Conor Geekie in Tappara Tampere zone.
19:10 of 1st period - Slapshot by Alexandre Texier.
19:10 of 1st period - Stopped by Joel Hofer with a rebound.
19:20 of 1st period - Jan Rutta is hit by Ryan Reaves and loses puck.
19:33 of 1st period - Slapshot by Ryan Reaves.
19:33 of 1st period - Stopped by Joel Hofer without a rebound.
19:34 of 1st period - Conor Geekie wins face-off versus Logan Stankoven in Tappara Tampere zone.
19:50 of 1st period - Logan Stankoven is hit by Vladislav Kolyachonok and loses puck.
Goals for this period are 2 for Tappara Tampere vs 1 for Cape Breton Oilers.
Shots for this period are 8 for Tappara Tampere vs 12 for Cape Breton Oilers.

2nd period


0:01 of 2nd period - Conor Geekie wins face-off versus Logan Stankoven in neutral zone.
0:26 of 2nd period - Carl Grundstrom is hit by Andrew Poturalski and loses puck.
0:35 of 2nd period - Backhand shot by Andrew Poturalski.
0:35 of 2nd period - Stopped by James Reimer without a rebound.
0:36 of 2nd period - Conor Geekie wins face-off versus Sam Carrick in Cape Breton Oilers zone.
1:14 of 2nd period - Snap shot by Jonny Brodzinski.
1:14 of 2nd period - Deflect By Carl Grundstrom.
1:14 of 2nd period - Stopped by Joel Hofer without a rebound.
1:15 of 2nd period - Ryan Reaves wins face-off versus Andrew Poturalski in Tappara Tampere zone.
1:19 of 2nd period - Minor Penalty to Jakub Lauko for Tripping.
1:20 of 2nd period - David Kampf wins face-off versus Jonny Brodzinski in Tappara Tampere zone.
1:20 of 2nd period - David Kampf is hit by Carl Grundstrom.
1:34 of 2nd period - Off-side.
1:35 of 2nd period - Conor Geekie wins face-off versus Sam Carrick in neutral zone.
1:46 of 2nd period - Slapshot by Conor Geekie.
1:46 of 2nd period - Stopped by Joel Hofer with a rebound.
1:48 of 2nd period - Slapshot by Alexandre Texier.
1:48 of 2nd period - Stopped by Joel Hofer without a rebound.
1:49 of 2nd period - David Kampf wins face-off versus Jonny Brodzinski in Tappara Tampere zone.
2:04 of 2nd period - Wrist shot by Jonny Brodzinski.
2:04 of 2nd period - Stopped by Joel Hofer with a rebound.
3:01 of 2nd period - Max Sasson is hit by Alexandre Texier and loses puck.
3:19 of 2nd period - Penalty to Jakub Lauko is over, Jakub Lauko is back on ice.
4:32 of 2nd period - Minor Penalty to Jan Rutta for Roughing.
4:33 of 2nd period - Jonny Brodzinski wins face-off versus Sam Carrick in Tappara Tampere zone.
4:34 of 2nd period - Wrist shot by Patrick Maroon.
4:34 of 2nd period - Stopped by Joel Hofer with a rebound.
4:40 of 2nd period - Wrist shot by Jonny Brodzinski.
4:40 of 2nd period - Shot Blocked by Nathan Walker.
4:46 of 2nd period - Snap shot by Patrick Maroon.
4:46 of 2nd period - Shot Misses the Net.
4:48 of 2nd period - Backhand shot by Patrick Maroon.
4:48 of 2nd period - Stopped by Joel Hofer with a rebound.
6:32 of 2nd period - Penalty to Jan Rutta is over, Jan Rutta is back on ice.
6:40 of 2nd period - John Klingberg is hit by Zack MacEwen and loses puck.
7:53 of 2nd period - Wyatt Kaiser is hit by Sam Carrick and loses puck.
8:09 of 2nd period - Ville Ottavainen is hit by Alexandre Texier.
9:25 of 2nd period - Jakub Lauko is hit by Chase Stillman and loses puck.
9:42 of 2nd period - Colin White is hit by Mitchell Chaffee and loses puck.
10:09 of 2nd period - Brennan Othmann is hit by Mitchell Chaffee.
10:38 of 2nd period - Icing by John Klingberg.
10:39 of 2nd period - Colin White wins face-off versus Tomas Nosek in Tappara Tampere zone.
10:40 of 2nd period - Wrist shot by Brennan Othmann.
10:40 of 2nd period - Goal by Brennan Othmann - Tappara Tampere : 2 - Cape Breton Oilers : 2.
10:41 of 2nd period - Logan Stankoven wins face-off versus Conor Geekie in neutral zone.
10:46 of 2nd period - Wrist shot by David Kampf.
10:46 of 2nd period - Shot Misses the Net.
10:48 of 2nd period - Wrist shot by Logan Stankoven.
10:48 of 2nd period - Goal by Logan Stankoven - Tappara Tampere : 3 - Cape Breton Oilers : 2.
10:49 of 2nd period - Logan Stankoven wins face-off versus Conor Geekie in neutral zone.
10:49 of 2nd period - David Kampf is hit by Vladislav Kolyachonok.
10:57 of 2nd period - Wrist shot by Logan Stankoven.
10:57 of 2nd period - Stopped by James Reimer with a rebound.
10:59 of 2nd period - Slapshot by Jan Rutta.
10:59 of 2nd period - Shot Misses the Net.
11:01 of 2nd period - Snap shot by Jan Rutta.
11:01 of 2nd period - Stopped by James Reimer with a rebound.
11:03 of 2nd period - Snap shot by Corey Perry.
11:03 of 2nd period - Shot Blocked by Vladislav Kolyachonok.
11:59 of 2nd period - Snap shot by Max Sasson.
11:59 of 2nd period - Stopped by James Reimer without a rebound.
12:00 of 2nd period - Tomas Nosek wins face-off versus Conor Geekie in Cape Breton Oilers zone.
12:13 of 2nd period - Slapshot by Conor Geekie.
12:13 of 2nd period - Stopped by Joel Hofer without a rebound.
12:14 of 2nd period - Logan Stankoven wins face-off versus Patrick Maroon in Tappara Tampere zone.
12:21 of 2nd period - Wrist shot by Logan Stankoven.
12:21 of 2nd period - Deflect By David Kampf.
12:21 of 2nd period - Shot Blocked by Wyatt Kaiser.
12:21 of 2nd period - Puck is out of play.
12:22 of 2nd period - Jonny Brodzinski wins face-off versus Logan Stankoven in Cape Breton Oilers zone.
12:27 of 2nd period - Backhand shot by Patrick Maroon.
12:27 of 2nd period - Shot Blocked by Corey Perry.
12:47 of 2nd period - Kevin Bahl is hit by Sam Carrick and loses puck.
12:54 of 2nd period - Wrist shot by Nathan Walker.
12:54 of 2nd period - Goal by Nathan Walker - Tappara Tampere : 4 - Cape Breton Oilers : 2.
12:55 of 2nd period - Sam Carrick wins face-off versus Jonny Brodzinski in neutral zone.
13:00 of 2nd period - Wrist shot by Nathan Walker.
13:00 of 2nd period - Shot Misses the Net.
13:02 of 2nd period - Wrist shot by Sam Carrick.
13:02 of 2nd period - Shot Misses the Net.
13:04 of 2nd period - Slapshot by Andreas Englund.
13:04 of 2nd period - Stopped by James Reimer without a rebound.
13:05 of 2nd period - Jonny Brodzinski wins face-off versus Sam Carrick in Cape Breton Oilers zone.
13:05 of 2nd period - Jonny Brodzinski is hit by Jan Rutta.
13:15 of 2nd period - Jonny Brodzinski is hit by Mitchell Chaffee and loses puck.
13:17 of 2nd period - Michael Benning and Sam Carrick fight to a draw.
13:17 of 2nd period - Penalty to Michael Benning for Fighting.
13:17 of 2nd period - Penalty to Sam Carrick for Fighting.
13:18 of 2nd period - Logan Stankoven wins face-off versus Conor Geekie in Cape Breton Oilers zone.
13:39 of 2nd period - Vladislav Kolyachonok is hit by Corey Perry and loses puck.
13:50 of 2nd period - Snap shot by Brennan Othmann.
13:50 of 2nd period - Stopped by Joel Hofer without a rebound.
13:51 of 2nd period - Brennan Othmann wins face-off versus Max Sasson in Tappara Tampere zone.
13:52 of 2nd period - Slapshot by Ryan Reaves.
13:52 of 2nd period - Stopped by Joel Hofer without a rebound.
13:53 of 2nd period - Max Sasson wins face-off versus Brennan Othmann in Tappara Tampere zone.
13:53 of 2nd period - Max Sasson is hit by Wyatt Kaiser.
14:18 of 2nd period - Ryan Reaves is hit by Andreas Englund and loses puck.
14:25 of 2nd period - Wrist shot by Mitchell Chaffee.
14:25 of 2nd period - Stopped by James Reimer with a rebound.
14:37 of 2nd period - Off-side.
14:38 of 2nd period - Jonny Brodzinski wins face-off versus Andrew Poturalski in neutral zone.
15:13 of 2nd period - Slapshot by Conor Geekie.
15:13 of 2nd period - Stopped by Joel Hofer without a rebound.
15:14 of 2nd period - Andrew Poturalski wins face-off versus Conor Geekie in Tappara Tampere zone.
15:27 of 2nd period - Snap shot by Andrew Poturalski.
15:27 of 2nd period - Shot Blocked by Alexandre Texier.
15:35 of 2nd period - Andrew Poturalski is hit by Kevin Bahl and loses puck.
15:48 of 2nd period - Snap shot by Jan Rutta.
15:48 of 2nd period - Shot Misses the Net.
15:50 of 2nd period - Slapshot by Andreas Englund.
15:50 of 2nd period - Stopped by James Reimer with a rebound.
15:52 of 2nd period - Snap shot by Logan Stankoven.
15:52 of 2nd period - Stopped by James Reimer with a rebound.
15:54 of 2nd period - Slapshot by Andreas Englund.
15:54 of 2nd period - Shot Misses the Net.
15:56 of 2nd period - Snap shot by David Kampf.
15:56 of 2nd period - Stopped by James Reimer with a rebound.
15:58 of 2nd period - Slapshot by Jan Rutta.
15:58 of 2nd period - Stopped by James Reimer with a rebound.
16:08 of 2nd period - Snap shot by Nathan Walker.
16:08 of 2nd period - Stopped by James Reimer with a rebound.
16:10 of 2nd period - Slapshot by Justin Holl.
16:10 of 2nd period - Stopped by James Reimer without a rebound.
16:11 of 2nd period - Max Sasson wins face-off versus Brennan Othmann in Cape Breton Oilers zone.
16:12 of 2nd period - Snap shot by Nathan Walker.
16:12 of 2nd period - Stopped by James Reimer with a rebound.
16:14 of 2nd period - Slapshot by Max Sasson.
16:14 of 2nd period - Stopped by James Reimer with a rebound.
16:16 of 2nd period - Snap shot by Mitchell Chaffee.
16:16 of 2nd period - Shot Misses the Net.
16:18 of 2nd period - Snap shot by Max Sasson.
16:18 of 2nd period - Shot Blocked by Nolan Allan.
16:20 of 2nd period - Wrist shot by Mitchell Chaffee.
16:20 of 2nd period - Stopped by James Reimer with a rebound.
16:22 of 2nd period - Slapshot by Nathan Walker.
16:22 of 2nd period - Stopped by James Reimer with a rebound.
16:24 of 2nd period - Wrist shot by Nathan Walker.
16:24 of 2nd period - Stopped by James Reimer with a rebound.
16:26 of 2nd period - Slapshot by John Klingberg.
16:26 of 2nd period - Shot Misses the Net.
16:28 of 2nd period - Slapshot by John Klingberg.
16:28 of 2nd period - Shot Blocked by Nolan Allan.
16:30 of 2nd period - Slapshot by Justin Holl.
16:30 of 2nd period - Stopped by James Reimer with a rebound.
16:32 of 2nd period - Slapshot by Justin Holl.
16:32 of 2nd period - Stopped by James Reimer with a rebound.
17:16 of 2nd period - Nolan Allan is hit by John Klingberg and loses puck.
17:49 of 2nd period - Slapshot by Ryan Reaves.
17:49 of 2nd period - Shot Blocked by John Klingberg.
18:16 of 2nd period - Wrist shot by Nathan Walker.
18:16 of 2nd period - Shot Misses the Net.
18:18 of 2nd period - Wrist shot by Mitchell Chaffee.
18:18 of 2nd period - Shot Blocked by Vladislav Kolyachonok.
18:20 of 2nd period - Slapshot by Max Sasson.
18:20 of 2nd period - Stopped by James Reimer with a rebound.
18:22 of 2nd period - Wrist shot by Mitchell Chaffee.
18:22 of 2nd period - Deflect By Nolan Allan.
18:22 of 2nd period - Stopped by James Reimer with a rebound.
18:24 of 2nd period - Snap shot by Max Sasson.
18:24 of 2nd period - Shot Misses the Net.
18:26 of 2nd period - Snap shot by John Klingberg.
18:26 of 2nd period - Shot Misses the Net.
18:43 of 2nd period - Justin Holl is hit by Nolan Allan and loses puck.
18:54 of 2nd period - Snap shot by Nathan Walker.
18:54 of 2nd period - Stopped by James Reimer without a rebound.
18:55 of 2nd period - Carl Grundstrom wins face-off versus Logan Stankoven in Cape Breton Oilers zone.
19:21 of 2nd period - Conor Geekie is hit by Andrew Poturalski and loses puck.
19:54 of 2nd period - Pierre Engvall is hit by Patrick Maroon and loses puck.
Goals for this period are 2 for Tappara Tampere vs 1 for Cape Breton Oilers.
Shots for this period are 24 for Tappara Tampere vs 11 for Cape Breton Oilers.

3rd period


0:01 of 3rd period - Conor Geekie wins face-off versus Corey Perry in neutral zone.
0:07 of 3rd period - Andreas Englund is hit by William Trudeau and loses puck.
0:32 of 3rd period - Icing by Seamus Casey.
0:33 of 3rd period - Patrick Maroon wins face-off versus Andrew Poturalski in Cape Breton Oilers zone.
0:40 of 3rd period - Slapshot by Andrew Poturalski.
0:40 of 3rd period - Shot Misses the Net.
0:42 of 3rd period - Minor Penalty to Patrick Maroon for Delaying the game.
0:43 of 3rd period - Zack MacEwen wins face-off versus Sam Carrick in Cape Breton Oilers zone.
0:56 of 3rd period - Snap shot by Mitchell Chaffee.
0:56 of 3rd period - Shot Misses the Net.
1:19 of 3rd period - Wrist shot by Jonny Brodzinski.
1:19 of 3rd period - Shot Hit the Post.
2:42 of 3rd period - Penalty to Patrick Maroon is over, Patrick Maroon is back on ice.
2:54 of 3rd period - Snap shot by Pierre Engvall.
2:54 of 3rd period - Stopped by James Reimer without a rebound.
2:55 of 3rd period - Tomas Nosek wins face-off versus Conor Geekie in Cape Breton Oilers zone.
3:37 of 3rd period - Slapshot by Seamus Casey.
3:37 of 3rd period - Shot Blocked by David Kampf.
3:51 of 3rd period - William Trudeau is hit by Jan Rutta and loses puck.
4:12 of 3rd period - Snap shot by Alexandre Texier.
4:12 of 3rd period - Shot Misses the Net.
4:14 of 3rd period - Snap shot by Patrick Maroon.
4:14 of 3rd period - Stopped by Joel Hofer without a rebound.
4:15 of 3rd period - Jonny Brodzinski wins face-off versus Logan Stankoven in Tappara Tampere zone.
4:20 of 3rd period - Wrist shot by Patrick Maroon.
4:20 of 3rd period - Stopped by Joel Hofer without a rebound.
4:21 of 3rd period - Brennan Othmann wins face-off versus Logan Stankoven in Tappara Tampere zone.
4:25 of 3rd period - Minor Penalty to Andreas Englund for Roughing.
4:26 of 3rd period - Nathan Walker wins face-off versus Conor Geekie in Tappara Tampere zone.
4:30 of 3rd period - Snap shot by Alexandre Texier.
4:30 of 3rd period - Shot Misses the Net.
4:32 of 3rd period - Slapshot by Alexandre Texier.
4:32 of 3rd period - Shot Hit the Post.
4:34 of 3rd period - Snap shot by Alexandre Texier.
4:34 of 3rd period - Stopped by Joel Hofer without a rebound.
4:35 of 3rd period - Sam Carrick wins face-off versus Conor Geekie in Tappara Tampere zone.
5:58 of 3rd period - Slapshot by Kevin Bahl.
5:58 of 3rd period - Deflect By Conor Geekie.
5:58 of 3rd period - Goal by Conor Geekie - Tappara Tampere : 4 - Cape Breton Oilers : 3.
5:59 of 3rd period - Jonny Brodzinski wins face-off versus Logan Stankoven in neutral zone.
6:16 of 3rd period - Icing by Jonny Brodzinski.
6:17 of 3rd period - Jonny Brodzinski wins face-off versus Andrew Poturalski in Cape Breton Oilers zone.
6:22 of 3rd period - Jan Rutta is hit by Carl Grundstrom and loses puck.
6:29 of 3rd period - Snap shot by Carl Grundstrom.
6:29 of 3rd period - Shot Misses the Net.
6:31 of 3rd period - Slapshot by Carl Grundstrom.
6:31 of 3rd period - Goal by Carl Grundstrom - Tappara Tampere : 4 - Cape Breton Oilers : 4.
6:32 of 3rd period - Logan Stankoven wins face-off versus Conor Geekie in neutral zone.
7:07 of 3rd period - Snap shot by Andrew Poturalski.
7:07 of 3rd period - Shot Hit the Post.
7:21 of 3rd period - Wrist shot by Tomas Nosek.
7:21 of 3rd period - Goal by Tomas Nosek - Tappara Tampere : 5 - Cape Breton Oilers : 4.
7:22 of 3rd period - Conor Geekie wins face-off versus Logan Stankoven in neutral zone.
7:48 of 3rd period - Jan Rutta is hit by Jonny Brodzinski and loses puck.
8:15 of 3rd period - Nolan Allan is hit by Nathan Walker and loses puck.
8:46 of 3rd period - Vladislav Kolyachonok is hit by Logan Stankoven and loses puck.
8:51 of 3rd period - Snap shot by Corey Perry.
8:51 of 3rd period - Shot Misses the Net.
8:53 of 3rd period - Snap shot by Justin Holl.
8:53 of 3rd period - Shot Misses the Net.
9:31 of 3rd period - Snap shot by Jan Rutta.
9:31 of 3rd period - Stopped by James Reimer with a rebound.
11:35 of 3rd period - Slapshot by Corey Perry.
11:35 of 3rd period - Stopped by James Reimer without a rebound.
11:36 of 3rd period - Jonny Brodzinski wins face-off versus Logan Stankoven in Cape Breton Oilers zone.
12:01 of 3rd period - Wrist shot by Zack MacEwen.
12:01 of 3rd period - Goal by Zack MacEwen - Tappara Tampere : 5 - Cape Breton Oilers : 5.
12:02 of 3rd period - Conor Geekie wins face-off versus Logan Stankoven in neutral zone.
12:11 of 3rd period - Slapshot by David Kampf.
12:11 of 3rd period - Stopped by James Reimer with a rebound.
12:13 of 3rd period - Wrist shot by Logan Stankoven.
12:13 of 3rd period - Shot Misses the Net.
12:15 of 3rd period - Snap shot by Corey Perry.
12:15 of 3rd period - Stopped by James Reimer with a rebound.
12:17 of 3rd period - Wrist shot by Jan Rutta.
12:17 of 3rd period - Stopped by James Reimer with a rebound.
12:27 of 3rd period - Mitchell Chaffee is hit by Carl Grundstrom.
12:33 of 3rd period - Slapshot by Patrick Maroon.
12:33 of 3rd period - Goal by Patrick Maroon - Tappara Tampere : 5 - Cape Breton Oilers : 6.
12:34 of 3rd period - Conor Geekie wins face-off versus Logan Stankoven in neutral zone.
12:47 of 3rd period - Wrist shot by David Kampf.
12:47 of 3rd period - Deflect By Logan Stankoven.
12:47 of 3rd period - Stopped by James Reimer without a rebound.
12:48 of 3rd period - Andrew Poturalski wins face-off versus Jonny Brodzinski in Cape Breton Oilers zone.
12:49 of 3rd period - Snap shot by Jakub Lauko.
12:49 of 3rd period - Shot Misses the Net.
12:51 of 3rd period - Wrist shot by Andrew Poturalski.
12:51 of 3rd period - Stopped by James Reimer with a rebound.
13:15 of 3rd period - Alexandre Texier is hit by David Kampf and loses puck.
13:44 of 3rd period - Nathan Walker is hit by Ryan Reaves and loses puck.
14:29 of 3rd period - Alexandre Texier is hit by Andrew Poturalski and loses puck.
14:59 of 3rd period - Snap shot by Conor Geekie.
14:59 of 3rd period - Shot Misses the Net.
15:49 of 3rd period - Zack MacEwen is hit by Jakub Lauko and loses puck.
16:13 of 3rd period - Wrist shot by Carl Grundstrom.
16:13 of 3rd period - Goal by Carl Grundstrom - Tappara Tampere : 5 - Cape Breton Oilers : 7.
16:14 of 3rd period - Andrew Poturalski wins face-off versus Brennan Othmann in neutral zone.
17:03 of 3rd period - Ty Gallagher is hit by Alexandre Texier and loses puck.
17:16 of 3rd period - Snap shot by Nathan Walker.
17:16 of 3rd period - Stopped by James Reimer with a rebound.
17:20 of 3rd period - Slapshot by Nathan Walker.
17:20 of 3rd period - Shot Blocked by Jonny Brodzinski.
19:48 of 3rd period - Zack MacEwen is hit by John Klingberg and loses puck.
Goals for this period are 1 for Tappara Tampere vs 5 for Cape Breton Oilers.
Shots for this period are 10 for Tappara Tampere vs 8 for Cape Breton Oilers.